Cogmind - Beta 13 @@@ ROGUE MODE // 2024.03.03 @ 17:06:51 Player: Rocko1345 Result: Destroyed by Striker with Compact Linear Accelerator Performance ------------- Evolutions (5) 2500 Regions Visited (9) 1800 Robots Destroyed (94) 470 Value Destroyed (3786) 3786 Prototype IDs (10) 200 Alien Tech Used (0) 0 Bonus (2699) 2699 TOTAL SCORE: 11455 Bonus ------- High Alert Combat Kills 33 Follower Combat Kills 90 Met Warlord at Base 500 MAIN.C Attacked Warlord 500 Warlord Defense Kills 1576 Cogmind --------- Core Integrity 0/1000 Matter 290/300 Energy 70/100 System Corruption 0% Temperature Cool (0) Movement Hovering (136) Ox1 Location -5/Warlord Parts ------- > --- POWER (2) -------- Backup Power III > --- PROPULSION (4) --- Makeshift Hover Unit Makeshift Hover Unit > --- UTILITY (9) ------ Improved Heat Sink Advanced Targeting Computer Backup Plating III Improved Light Armor Plating Mapping Drone Bay (3/3) > --- WEAPON (2) ------- RU-N14's Throwing Claymores v3 Phasing Sabre > --- INVENTORY (5) ---- System Restoration Module Minesniffer Drone Bay (10/10) Phasing Sabre Peak State ------------ > --- POWER ------------ Light Angular Momentum Engine Light Fission Core > --- PROPULSION ------- Carbon-fiber Leg Carbon-fiber Leg Improved Carbon-fiber Leg Flexi-carbon Leg > --- UTILITY ---------- Improved Heat Sink Improved Cooling System Large Storage Unit Energy Well Machine Analyzer Advanced Visual Processing Unit Improved Sensor Array Improved Signal Interpreter Target Analyzer > --- WEAPON ----------- Wave Gun Gauss Cannon > --- INVENTORY -------- Compact Matter Pod Matter Compressor Triangulator Advanced Targeting Computer Advanced Targeting Computer Target Analyzer Improved Light Armor Plating Shock Rifle Precision Beam Rifle Heavy Plasma Cannon Remote Datajack Great Maul [Rating: 67] Favorites ----------- Power Cooled Ion Engine Engine Cooled Ion Engine Power Core Light Fission Core Propulsion Armored Treads Treads Armored Treads Leg Carbon-fiber Leg Wheel Armored Wheel Hover Unit Makeshift Hover Unit Flight Unit VTOL Module Utility Machine Analyzer Device Improved Sensor Array Storage Large Storage Unit Processor Machine Analyzer Protection Hardened Medium Armor Plating Weapon Pulse Rifle Energy Gun Pulse Rifle Energy Cannon Heavy Plasma Cannon Ballistic Gun Improved Assault Rifle Ballistic Cannon Gauss Cannon Special Weapon RU-N14's Throwing Claymores v3 Impact Weapon Great Maul Slashing Weapon Phasing Sabre Build | -11 -10 -9 -8 -7 -6 -5 -5 -5 -5 ------- Run | Yrd Mat Mat Mat Fac Fac Fac Upp Upp War Slots Evolved 10 | . . 2 2 2 2 2 . . . Power 1 | . . . . . . 1 . . . Propulsion 2 | . . . . . 2 . . . . Utility 7 | . . 2 2 2 . 1 . . . Weapon . | . . . . . . . . . . Parts Attached 117 | 7 2 20 28 17 15 13 2 1 12 Power 12 | 1 . 2 5 . 1 3 . . . Engine 7 | 1 . 1 4 . 1 . . . . Core 5 | . . 1 1 . . 3 . . . Reactor . | . . . . . . . . . . Propulsion 22 | 2 2 3 6 . 4 3 . . 2 Treads 8 | . . 1 4 . . 3 . . . Leg 6 | 2 . . . . 4 . . . . Wheel 2 | . . 2 . . . . . . . Hover 4 | . . . 2 . . . . . 2 Flight 2 | . 2 . . . . . . . . Utility 47 | 1 . 7 9 11 7 3 2 1 6 Device 22 | . . 4 2 8 3 1 . . 4 Storage 5 | 1 . . 2 . 2 . . . . Processor 16 | . . 2 4 2 2 2 2 1 1 Hackware . | . . . . . . . . . . Protection 4 | . . 1 1 1 . . . . 1 Artifact . | . . . . . . . . . . Weapon 36 | 3 . 8 8 6 3 4 . . 4 Energy Gun 13 | 1 . 4 1 5 1 1 . . . Energy Cannon 2 | . . . 1 . . 1 . . . Ballistic Gun 8 | 2 . 2 3 1 . . . . . Ballistic Cannon 1 | . . . . . 1 . . . . Launcher . | . . . . . . . . . . Special Weapon 3 | . . . . . . . . . 3 Impact Weapon 8 | . . 2 3 . 1 2 . . . Slashing Weapon 1 | . . . . . . . . . 1 Piercing Weapon . | . . . . . . . . . . Special Melee Weapon . | . . . . . . . . . . Unidentified Prototypes 7 | . . . 4 1 . . . . 2 Corrupted Parts 2 | . . . . . 2 . . . . System Corruption 5 | . . . . . 5 . . . . Parts Lost 42 | . . 5 10 8 7 11 . . 1 Power 9 | . . 1 3 1 . 3 . . 1 Propulsion 11 | . . 2 3 2 . 4 . . . Utility 16 | . . 2 2 5 4 3 . . . Weapon 6 | . . . 2 . 3 1 . . . Highest Loss Streak 7 | . . 5 2 2 7 7 . . 1 To Critical Strikes . | . . . . . . . . . . Average Slot Usage (%) 80 | . 79 84 84 97 77 78 1 17 44 Engine 6 | . 14 8 6 6 4 1 . . 7 Core 1 | . . 2 2 . . 8 . . . Treads 6 | . . 1 10 14 . 7 . . . Leg 3 | . 22 . . . 12 5 . . . Wheel 2 | . . 15 . . . . . . . Hover 1 | . . . 3 . . . . . 9 Device 11 | . . 10 11 14 18 6 . . 9 Storage 8 | . 14 11 8 7 8 10 . . . Processor 19 | . . 11 23 26 19 25 1 17 2 Protection 3 | . . 1 3 9 . . . . 4 Energy Gun 7 | . . 11 6 11 5 1 . . 2 Ballistic Gun 3 | . 22 5 5 2 . . . . . Impact Weapon 2 | . . 4 2 . 3 3 . . . Naked Turns 303 | . . . . . . 7 218 . 78 Heaviest Build 57 | 11 11 19 43 51 47 57 . . 27 Greatest Support 68 | 20 20 24 49 40 68 68 3 3 24 Greatest Overweight (x) 15 | . . 5 6 15 10 8 . . 1 Average Overweight (x) . | . . . . 1 . . . . . Largest Inventory Capacity 15 | 8 8 8 15 15 15 15 5 5 5 Average Capacity 11 | 7 8 8 10 15 11 14 5 5 5 Most Carried 15 | 2 8 8 14 15 15 15 5 4 5 Average Carried 8 | . 3 7 7 13 6 13 4 3 4 Final Capacity 15 | 8 8 8 15 15 15 5 5 5 5 Final Carried 15 | 1 8 8 13 15 11 5 3 4 3 Class Distribution -------------------- 46% | Mutant 11% | Scavenger-Skirmisher 11% | Skirmisher 10% | Scavenger-Mutant 7% | Scavenger-Assassin 6% | Assassin 3% | Derelict-Mutant Dominant Class ---------------- Mutant | -10/Materials Mutant | -9/Materials Mutant | -8/Materials Mutant | -7/Factory Scavenger-Assassin | -6/Factory Scavenger-Mutant | -5/Factory Mutant | -5/Upper Caves Mutant | -5/Upper Caves Derelict-Mutant | -5/Warlord Resources | -11 -10 -9 -8 -7 -6 -5 -5 -5 -5 ----------- Run | Yrd Mat Mat Mat Fac Fac Fac Upp Upp War Matter Collected 2239 | 238 76 214 555 383 158 434 9 30 142 Remotely . | . . . . . . . . . . Salvage Created 3184 | . 85 527 1182 565 142 476 . . 207 Parts 173 | . 5 28 70 29 8 18 . . 15 Haulers Intercepted 2 | . . . 2 . . . . . . Recyclers Shooed 3 | . . . 1 2 . . . . . Parts Field Recycled . | . . . . . . . . . . Retrieved Matter . | . . . . . . . . . . Parts Self-Destructed 1 | . . . . . . . . 1 . Prevented . | . . . . . . . . . . Kills | -11 -10 -9 -8 -7 -6 -5 -5 -5 -5 ------- Run | Yrd Mat Mat Mat Fac Fac Fac Upp Upp War Combat Hostiles Destroyed 80 | . 2 18 23 10 4 10 . . 13 Melee 11 | . . 4 3 2 1 1 . . . Guns 38 | . 2 8 17 7 1 3 . . . Cannons 9 | . . 1 3 . 2 3 . . . AOE 13 | . . . . . . . . . 13 Classes Destroyed 15 | . 1 5 3 2 . . . . 4 Hauler 2 | . . . 2 . . . . . . Recycler 1 | . . . . 1 . . . . . Mechanic 1 | . . 1 . . . . . . . Operator 1 | . . . 1 . . . . . . Watcher 9 | . . 3 5 1 . . . . . Swarmer 22 | . . 11 7 . . . . . 4 Grunt 21 | . 2 3 8 3 . 4 . . 1 Brawler 3 | . . 1 1 1 . . . . . Duelist 1 | . . . . . . . . . 1 Protector 1 | . . . . . . . . . 1 Sentry 13 | . . 3 6 3 . 1 . . . Hunter 7 | . . . 1 . . 2 . . 4 Programmer 10 | . . . . 3 4 3 . . . Striker 1 | . . . . . . . . . 1 Executioner 1 | . . . . . . . . . 1 Best Kill Streak 10 | . 2 5 5 2 1 3 . . 10 Combat Bots Only 10 | . 2 5 4 2 1 3 . . 10 Max Kills in Single Turn 5 | . 1 1 1 1 1 1 . . 5 Gunslinging . | . . . . . . . . . . Exploded 5 | . . . . . . . . . 5 Melee 1 | . . 1 1 1 1 1 . . . Uniques/NPCs Destroyed . | . . . . . . . . . . Combat | -11 -10 -9 -8 -7 -6 -5 -5 -5 -5 -------- Run | Yrd Mat Mat Mat Fac Fac Fac Upp Upp War Hostile Shots Fired 734 | . 21 125 108 222 49 131 50 16 12 Missed 243 | . 6 31 28 86 16 40 25 8 3 Damage Taken 6960 | . 222 831 1144 1543 548 1771 504 145 252 Core 2038 | . 33 211 371 150 244 253 504 145 127 Absorbed by Shields . | . . . . . . . . . . Regen/Repaired (Parts) 161 | . . . . . . 131 . . 30 Core Remaining (%) 69 | 100 86 47 32 78 71 . . . . Volleys Fired 233 | . 11 40 95 40 9 34 . . 4 Largest 2 | . 2 2 2 2 2 2 . . 1 Hottest 129 | . 40 112 112 126 110 129 . . . Shots Fired 377 | . 22 79 123 80 14 55 . . 4 Gun 331 | . 22 79 109 80 10 31 . . . Cannon 42 | . . . 14 . 4 24 . . . Launcher . | . . . . . . . . . . Special 4 | . . . . . . . . . 4 Kinetic 173 | . 22 19 91 16 4 21 . . . Thermal 186 | . . 60 32 52 8 34 . . . Explosive 4 | . . . . . . . . . 4 Electromagnetic 14 | . . . . 12 2 . . . . Robot Hit Streak 26 | . 8 9 22 26 16 18 . . 15 Robot Miss Streak 4 | . 2 4 2 1 . 3 . . . Penetration Max 1 | . . . . . . 1 . . . Secondary Targets 2 | . . 2 . . . . . . . Max Gunslinging Chain 1 | . . 1 . . . . . . . Shots Hit Robots 352 | . 15 68 109 77 19 60 . . 4 Core Hits 152 | . 6 26 49 24 6 13 . . 28 Critical Kills 3 | . . 1 1 1 . . . . . Critical Parts Destroyed 15 | . . 3 1 1 2 8 . . . Critical Strikes 36 | . . 10 3 5 5 11 . . 2 Burn 16 | . . 6 1 3 3 3 . . . Destroy 3 | . . . 2 1 . . . . . Smash 15 | . . 4 . 1 2 8 . . . Sever 2 | . . . . . . . . . 2 Melee Attacks 104 | . . 32 26 8 10 28 . . . Impact 104 | . . 32 26 8 10 28 . . . Slashing . | . . . . . . . . . . Piercing . | . . . . . . . . . . Sneak Attacks 1 | . . 1 . . . . . . . Combat Hostiles . | . . . . . . . . . . Follow-up Attacks . | . . . . . . . . . . Damage Inflicted 10435 | . 153 1323 1879 1580 554 1974 . . 2972 Guns 4268 | . 153 734 1376 1299 176 530 . . . Cannons 921 | . . . 254 . 140 527 . . . Explosions 2801 | . . . . . . . . . 2801 Melee 2271 | . . 589 249 281 235 917 . . . Ramming 3 | . . . . . 3 . . . . Kinetic 2050 | . 153 85 1077 187 140 408 . . . Thermal 2947 | . . 649 553 928 168 649 . . . Explosive 2801 | . . . . . . . . . 2801 Electromagnetic 192 | . . . . 184 8 . . . . Impact 2271 | . . 589 249 281 235 917 . . . Slashing 171 | . . . . . . . . . 171 Piercing . | . . . . . . . . . . Highest Corruption 15 | . . . 2 2 6 9 15 15 15 Average Corruption 3 | . . . 2 1 4 5 10 15 15 Corruption Purged 9 | . . . . 4 5 . . . . Corruption Blocked . | . . . . . . . . . . Effects 85 | . . . 26 1 32 8 9 8 1 Message Errors 18 | . . . 3 1 9 2 2 1 . Matter Fused 24 | . . . 8 . 9 2 1 4 . Heat Flow Errors 13 | . . . 3 . 3 1 4 1 1 Energy Discharges 9 | . . . 1 . 5 . 1 2 . Data Loss (minor) 12 | . . . 7 . 4 1 . . . Data Loss (major) 6 | . . . 3 . 2 1 . . . Alerts 2 | . . . 1 . . 1 . . . Misdirections 1 | . . . . . . . 1 . . Overload Shots . | . . . . . . . . . . Overflow Damage 830 | . . 161 . 53 122 441 . . 53 Projectiles 51 | . . . . . 16 35 . . . Explosions 53 | . . . . . . . . . 53 Melee 726 | . . 161 . 53 106 406 . . . Knockbacks 24 | . . 5 . . 4 15 . . . Impact 14 | . . 4 . . 2 8 . . . Kinetic 8 | . . . . . 2 6 . . . Secondary 2 | . . 1 . . . 1 . . . Self-Inflicted Damage . | . . . . . . . . . . Shots . | . . . . . . . . . . Rammed . | . . . . . . . . . . Targets Rammed 1 | . . . . . 1 . . . . Kicked 1 | . . . . . 1 . . . . Crushed . | . . . . . . . . . . Highest Temperature 255 | . 38 135 242 172 229 255 242 156 157 Average Temperature 52 | . 15 36 50 56 90 51 110 96 97 Received Heat Transfer 1590 | . 123 99 414 495 . 441 . 9 9 Siege Activations . | . . . . . . . . . . Robots Corrupted 1 | . . . . 1 . . . . . Combat Hostiles 1 | . . . . 1 . . . . . Parts Fried 8 | . . 7 . 1 . . . . . Impact Corruptions 26 | . . 9 . 1 3 13 . . . Robots Melted 2 | . . 1 . . . 1 . . . Combat Hostiles 2 | . . 1 . . . 1 . . . Parts Melted 16 | . . 7 1 3 2 3 . . . Heat Transferred 6884 | . . 2109 1073 1998 518 1186 . . . Parts Sabotaged . | . . . . . . . . . . Parts Stolen . | . . . . . . . . . . Parts Stripped . | . . . . . . . . . . Power Chain Reactions . | . . . . . . . . . . Alert | -11 -10 -9 -8 -7 -6 -5 -5 -5 -5 ------- Run | Yrd Mat Mat Mat Fac Fac Fac Upp Upp War Peak Influence 462 | . 106 265 462 263 60 182 . . . Initial 162 | . . 44 60 162 14 14 . . . Average 116 | . 54 119 277 55 17 63 . . . Maximum Alert Level 2 | . . 1 2 1 . . . . . Low Security (%) 79 | 100 100 94 32 90 100 100 . . . Level 1 13 | . . 5 40 9 . . . . . Level 2 6 | . . . 27 . . . . . . Level 3 . | . . . . . . . . . . Level 4 . | . . . . . . . . . . Level 5 . | . . . . . . . . . . High Security . | . . . . . . . . . . Max Security . | . . . . . . . . . . Squads Dispatched 15 | . 1 . 1 4 3 5 . 1 . Investigation . | . . . . . . . . . . Extermination 8 | . . . . 3 3 2 . . . Reinforcement 3 | . 1 . 1 1 . . . . . Assault 2 | . . . . . . 1 . 1 . Garrison 2 | . . . . . . 2 . . . Intercept . | . . . . . . . . . . Searches Triggered . | . . . . . . . . . . Construction Impeded . | . . . . . . . . . . Haulers Reinforced . | . . . . . . . . . . Active Scanning Responses . | . . . . . . . . . . Cargo Convoy Interrupts . | . . . . . . . . . . Stealth | -11 -10 -9 -8 -7 -6 -5 -5 -5 -5 --------- Run | Yrd Mat Mat Mat Fac Fac Fac Upp Upp War Distress Signals 3 | . . 2 1 . . . . . . Communications Jammed . | . . . . . . . . . . Distress Signals . | . . . . . . . . . . Times Spotted 132 | . 6 30 37 15 7 13 6 10 8 Peak Tracking Total 11 | . 3 5 5 4 2 4 6 9 11 Tactical Retreats 14 | . 1 2 4 . . 1 . 6 . Traps | -11 -10 -9 -8 -7 -6 -5 -5 -5 -5 ------- Run | Yrd Mat Mat Mat Fac Fac Fac Upp Upp War Traps Triggered 7 | . 1 1 1 1 1 2 . . . Indirectly . | . . . . . . . . . . Trap Hack Attempts . | . . . . . . . . . . Triggered . | . . . . . . . . . . Disarmed . | . . . . . . . . . . Reprogrammed . | . . . . . . . . . . Reused . | . . . . . . . . . . Traps Extracted . | . . . . . . . . . . Installed . | . . . . . . . . . . Triggered 14 | . . . . . 1 . . 1 12 Machines | -11 -10 -9 -8 -7 -6 -5 -5 -5 -5 ---------- Run | Yrd Mat Mat Mat Fac Fac Fac Upp Upp War Machines Disabled 2 | . . . . . . 2 . . . Max in Single Turn 1 | . . . . . . 1 . . . Garrison Access 3 | . . . 1 1 . 1 . . . Machines Repaired . | . . . . . . . . . . Machines Dismantled . | . . . . . . . . . . Machines Sabotaged . | . . . . . . . . . . Overloaded Fab Kills . | . . . . . . . . . . Hacking | -11 -10 -9 -8 -7 -6 -5 -5 -5 -5 --------- Run | Yrd Mat Mat Mat Fac Fac Fac Upp Upp War Machines Accessed 39 | . 1 10 11 6 1 5 . . 5 Terminals 21 | . 1 8 8 2 . 2 . . . Fabricators 2 | . . . . 1 1 . . . . Repair Stations 2 | . . . . 1 . 1 . . . Recycling Units 5 | . . 2 2 1 . . . . . Scanalyzers 1 | . . . . . . 1 . . . Garrison Access 3 | . . . 1 1 . 1 . . . Total Hacks 100 | . 2 30 34 10 2 11 . . 11 Successful 61 | . 2 19 17 6 1 5 . . 11 Failed 38 | . . 11 16 4 1 6 . . . Catastrophic 7 | . . 4 2 1 . . . . . Database Lockouts 1 | . . . 1 . . . . . . Manual 26 | . 2 7 14 . . 3 . . . Terminals 66 | . 2 27 29 4 . 4 . . . Fabricators 4 | . . . . 2 2 . . . . Repair Stations 6 | . . . . 2 . 4 . . . Recycling Units 7 | . . 3 3 1 . . . . . Scanalyzers 1 | . . . . . . 1 . . . Garrison Access 5 | . . . 2 1 . 2 . . . Terminal Hacks 35 | . . 12 10 1 . 1 . . 11 Record 13 | . . . 2 . . . . . 11 Robot Analysis 1 | . . . . 1 . . . . . Prototype ID Bank 2 | . . 1 1 . . . . . . Open DSF 1 | . . . . . . 1 . . . Level Access Points 1 | . . . 1 . . . . . . Branch Access Points 1 | . . 1 . . . . . . . Emergency Access Points 2 | . . 1 1 . . . . . . Terminal Index 2 | . . 2 . . . . . . . Locate Traps 4 | . . 3 1 . . . . . . Reinforcement Status 1 | . . 1 . . . . . . . Hauler Manifests 1 | . . . 1 . . . . . . Registered Components 1 | . . 1 . . . . . . . Registered Prototypes 1 | . . 1 . . . . . . . Zone Layout 4 | . . 1 3 . . . . . . Fabricator Hacks 2 | . . . . 1 1 . . . . Network Status 2 | . . . . 1 1 . . . . Repair Station Hacks 5 | . . . . 2 . 3 . . . Scan Component 4 | . . . . 2 . 2 . . . Repair 1 | . . . . . . 1 . . . Recycling Unit Hacks 7 | . . 3 3 1 . . . . . Report Inventory 6 | . . 2 3 1 . . . . . Retrieve Components 1 | . . 1 . . . . . . . Scanalyzer . | . . . . . . . . . . Garrison Access Hacks 2 | . . . 1 1 . . . . . Seal Access 2 | . . . 1 1 . . . . . Unauthorized Hacks 10 | . 2 4 3 . . 1 . . . Terminals 10 | . 2 4 3 . . 1 . . . Botnet 8 | . 1 3 3 . . 1 . . . Operators 2 | . 1 1 . . . . . . . Fabricators . | . . . . . . . . . . Repair Stations . | . . . . . . . . . . Recycling Units . | . . . . . . . . . . Scanalyzers . | . . . . . . . . . . Garrison Access . | . . . . . . . . . . Data Cores Recovered 1 | . . . 1 . . . . . . Used . | . . . . . . . . . . Hacking Detections 27 | . 1 9 10 3 . 4 . . . Full Trace Events . | . . . . . . . . . . Feedback Events . | . . . . . . . . . . Feedback Blocked . | . . . . . . . . . . Robot Schematics Acquired . | . . . . . . . . . . Robots Built . | . . . . . . . . . . Authchips . | . . . . . . . . . . Time . | . . . . . . . . . . Total Robot Build Rating . | . . . . . . . . . . Part Schematics Acquired . | . . . . . . . . . . Parts Built . | . . . . . . . . . . Authchips . | . . . . . . . . . . Time . | . . . . . . . . . . Total Part Build Rating . | . . . . . . . . . . Parts Repaired 1 | . . . . . . 1 . . . Time 44 | . . . . . . 44 . . . Parts Recycled . | . . . . . . . . . . Recycled Matter . | . . . . . . . . . . Retrieved Matter . | . . . . . . . . . . Retrieved Components 3 | . . 3 . . . . . . . Parts Scanalyzed . | . . . . . . . . . . Part Schematics Acquired . | . . . . . . . . . . Parts Damaged . | . . . . . . . . . . Bothacking | -11 -10 -9 -8 -7 -6 -5 -5 -5 -5 ------------ Run | Yrd Mat Mat Mat Fac Fac Fac Upp Upp War Used RIF Installer . | . . . . . . . . . . Robots Hacked . | . . . . . . . . . . Non-combat . | . . . . . . . . . . Combat . | . . . . . . . . . . Robot Hacks Applied . | . . . . . . . . . . Relay Couplers Released 1 | . . . . . . 1 . . . Machine Destruction 1 | . . . . . . 1 . . . Fabnet Peak Effective % . | . . . . . . . . . . Robots Rewired . | . . . . . . . . . . Allies Hacked 1 | . . . . . 1 . . . . Hacks Repelled . | . . . . . . . . . . Allies | -11 -10 -9 -8 -7 -6 -5 -5 -5 -5 -------- Run | Yrd Mat Mat Mat Fac Fac Fac Upp Upp War Total Allies 3 | . . . . . 3 . . . . Largest Group 3 | . . . . . 3 . . . . Highest-Rated Group 93 | . . . . . 93 . . . . Highest-Rated Ally 31 | . . . . . 31 . . . . Total Orders . | . . . . . . . . . . Ally Attacks 9 | . . . . . 9 . . . . Total Damage 185 | . . . . . 185 . . . . Kills 2 | . . . . . 2 . . . . Allies Corrupted . | . . . . . . . . . . Allies Melted . | . . . . . . . . . . Intel | -11 -10 -9 -8 -7 -6 -5 -5 -5 -5 ------- Run | Yrd Mat Mat Mat Fac Fac Fac Upp Upp War Robot Analysis Total 1 | . . . . 1 . . . . . Derelict Logs Recovered 2 | . . . . . . . 1 1 . Drone Launches 1 | . . . . . . . . . 1 Drone Recoveries 1 | . . . . . . . . . 1 Exploration | -11 -10 -9 -8 -7 -6 -5 -5 -5 -5 ------------- Run | Yrd Mat Mat Mat Fac Fac Fac Upp Upp War Turns Passed 11705 | 114 392 1892 2569 2546 1497 1474 255 155 811 Spaces Moved 6769 | 98 416 951 1574 822 776 576 497 261 798 Core 1183 | 25 . 36 26 14 43 21 497 261 260 Treads 2172 | . . 174 883 808 . 307 . . . Legs 1270 | 73 216 . . . 733 248 . . . Wheels 605 | . . 605 . . . . . . . Hover 1203 | . . . 665 . . . . . 538 Flight 336 | . 200 136 . . . . . . . Fastest Speed 32 | 50 32 32 56 250 100 50 50 50 50 Average Speed 130 | 102 77 102 129 259 151 184 50 50 79 Slowest Speed 800 | 120 120 300 350 800 550 450 50 50 136 Overloaded Moves . | . . . . . . . . . . Propulsion Burnouts . | . . . . . . . . . . Robots Hopped 1 | . . 1 . . . . . . . Cave-ins Triggered . | . . . . . . . . . . Exploration Rate (%) 40 | 6 57 59 68 20 11 10 54 45 71 Regions Visited 9 Branch Regions 3 Pre-discovered Areas 1 | . . . . . . . . . 1 Known Exits Taken 5 | . . 1 1 1 1 1 . . . Unknown Exits Taken 4 | 1 1 . . . . . 1 1 . Scrap Searched 3 | . . . . . . . 1 2 . Spaces Dug 14 | . . 3 10 . . 1 . . . Terrain Destroyed 52 | . . 3 12 . . 4 . . 33 Melee 14 | . . 3 10 . . 1 . . . Projectile 5 | . . . 2 . . 3 . . . AOE 33 | . . . . . . . . . 33 Terrain Rammed . | . . . . . . . . . . Walls Destroyed . | . . . . . . . . . . Machines Disabled . | . . . . . . . . . . Actions | -11 -10 -9 -8 -7 -6 -5 -5 -5 -5 --------- Run | Yrd Mat Mat Mat Fac Fac Fac Upp Upp War Total 9099 | 111 465 1732 1940 1144 1067 880 502 284 974 Wait 1690 | . 24 666 169 239 230 216 4 . 142 Move 6758 | 97 415 948 1573 821 775 575 496 260 798 Hop 1 | . . 1 . . . . . . . Pick Up 128 | 7 8 18 34 12 22 13 . 2 12 Fast Attach . | . . . . . . . . . . Attach 77 | 6 . 11 16 7 13 10 2 1 11 Detach 7 | . 2 . 1 1 . 1 . . 2 Swap 42 | 1 2 9 14 10 2 3 . . 1 Drop 35 | . 3 7 12 4 5 . . . 4 Fire 233 | . 11 40 95 40 9 34 . . 4 Melee 104 | . . 32 26 8 10 28 . . . Ram . | . . . . . . . . . . Kick 1 | . . . . . 1 . . . . Crush . | . . . . . . . . . . Escape Stasis 2 | . . . . 2 . . . . . Rewire 21 | . . . . . . . . 21 . Trap . | . . . . . . . . . . Miscellaneous . | . . . . . . . . . . Route ------- -11/Scrapyard -10/Materials (discovered 3 exits: *Mat x2 / [*Min]) -9/Materials (discovered 3 exits: *Mat x2 / *Min) -8/Materials (discovered 3 exits: *Fac x3) -7/Factory (discovered 2 exits: *Fac / *Low) -6/Factory -5/Factory -5/Upper Caves -5/Upper Caves -5/Warlord History --------- Turn | Location | Event 11 | -11/Scrapyard | Discovered new exit (range 16) 115 | -11/Scrapyard | Entered Materials 291 | -10/Materials | Discovered new exit (range 16) 306 | -10/Materials | Build established: Mutant 450 | -10/Materials | Discovered new exit (range 15) 478 | -10/Materials | Discovered new exit (range 8) 507 | -10/Materials | Entered another Materials area 507 | -9/Materials | Evolved 2 slots: Utility x2 1354 | -9/Materials | Discovered new exit (range 8) 1584 | -9/Materials | Discovered new exit (range 12) 1814 | -9/Materials | Identified exit to Mines 1940 | -9/Materials | Lost 5 parts (1p2n2u) 2095 | -9/Materials | Core integrity fell below 50% 2195 | -9/Materials | Discovered new exit (range 16) 2282 | -9/Materials | Identified exit to Materials 2399 | -9/Materials | Entered another Materials area 2399 | -8/Materials | Evolved 2 slots: Utility x2 2647 | -8/Materials | Build established: Skirmisher 3223 | -8/Materials | Build established: Mutant 3431 | -8/Materials | Core integrity fell below 50% 3622 | -8/Materials | Discovered new exit (range 15) 4134 | -8/Materials | Identified exit to Factory 4134 | -8/Materials | Central database locked down 4154 | -8/Materials | Build established: Scavenger-Skirmisher 4968 | -8/Materials | Entered Factory 4968 | -7/Factory | Evolved 2 slots: Utility x2 5398 | -7/Factory | Build established: Mutant 5895 | -7/Factory | Discovered new exit (range 3) 5897 | -7/Factory | Identified exit to Lower Caves 7026 | -7/Factory | Build established: Skirmisher 7358 | -7/Factory | Discovered new exit (range 18) 7506 | -7/Factory | Identified exit to Factory 7514 | -7/Factory | Entered another Factory area 7514 | -6/Factory | Evolved 2 slots: Propulsion x2 7649 | -6/Factory | Allied Derelicts emerged from ambush trap array 7663 | -6/Factory | Lost 7 parts (4u3w) 7830 | -6/Factory | Lost 3 allies 8197 | -6/Factory | Build established: Scavenger-Assassin 8736 | -6/Factory | Discovered new exit (range 18) 8822 | -6/Factory | Build established: Scavenger-Skirmisher 9010 | -6/Factory | Identified exit to Factory 9011 | -6/Factory | Entered another Factory area 9011 | -5/Factory | Evolved 2 slots: Power x1, Utility x1 9139 | -5/Factory | Identified exit to DSF 9290 | -5/Factory | Garrison activated, responded to threat 9400 | -5/Factory | Lost 7 parts (2p3n1u1w) 9701 | -5/Factory | Discovered new exit (range 19) 9703 | -5/Factory | Build established: Scavenger-Mutant 9807 | -5/Factory | Repaired Broken Imp. Treads 9922 | -5/Factory | Identified exit to Upper Caves 10478 | -5/Factory | Released all parts (4) 10485 | -5/Factory | Entered Upper Caves 10654 | -5/Upper Caves | Build established: Mutant 10667 | -5/Upper Caves | System corruption reached 10% 10682 | -5/Upper Caves | Core integrity fell below 50% 10696 | -5/Upper Caves | Learned Factory security intel 10722 | -5/Upper Caves | Spotted B-75 Beast 10737 | -5/Upper Caves | Discovered new exit (range 5) 10740 | -5/Upper Caves | Entered another Upper Caves area 10757 | -5/Upper Caves | Core integrity fell below 20% 10773 | -5/Upper Caves | Attracted the attention of an 0b10 outpost 10817 | -5/Upper Caves | Encountered a Warlord checkpoint 10843 | -5/Upper Caves | Learned 8 Factory zone layouts 10891 | -5/Upper Caves | Discovered new exit (range 9) 10895 | -5/Upper Caves | Entered Warlord 10924 | -5/Warlord | System corruption cleaned by Quarantine Array 10952 | -5/Warlord | Released all parts (3) 11086 | -5/Warlord | Met Warlord 11099 | -5/Warlord | Warlord's base attacked by MAIN.C 11215 | -5/Warlord | Found Prototype Device 11216 | -5/Warlord | Identified Minesniffer Drone Bay 11449 | -5/Warlord | Warlord forces counterattacked 11473 | -5/Warlord | Learned 4 Access zone layouts 11474 | -5/Warlord | Learned Factory recycling unit intel 11474 | -5/Warlord | Learned Armory terminal intel 11474 | -5/Warlord | Learned Armory repair station intel 11514 | -5/Warlord | Found Prototype Special Weapon 11515 | -5/Warlord | Identified RU-N14's Throwing Claymores v3 11524 | -5/Warlord | Found RU-N14's Throwing Claymores v3 11527 | -5/Warlord | Found RU-N14's Throwing Claymores v3 11544 | -5/Warlord | Build established: Derelict-Mutant 11670 | -5/Warlord | Spotted Striker 11674 | -5/Warlord | Destroyed Striker 11695 | -5/Warlord | Destroyed 10 combat bots 11703 | -5/Warlord | Destroyed Executioner 11706 | -5/Warlord | Destroyed by Striker with Compact Linear Accelerator Last Messages --------------- 11671_ RU-N14's Throwing Claymores v3 expended. 11671_ H-77 Assassin Coil Gun severed. 11671_ H-77 Assassin destroyed. 11674_ Destroyed Prototype Device. 11674_ Striker destroyed. 11687_ MO-5G9(m) repairs Imp. Heat Sink. 11689_ ANNOUNCEMENT: MAIN.C reinforcements approaching through caves, arriving soon. 11689_ Acquired 8 matter. 11691_ Acquired 2 matter. 11699_ The unstable cave ceiling collapses. 11699_ ANNOUNCEMENT: Detected 2 Grunt squads, 1 Programmer squad, 1 Melee squad, with prototype support. 11700_ The unstable cave ceiling collapses. 11703_ RU-N14's Throwing Claymores v3 expended. 11703_ B-74 Champion Med. Treads severed. 11703_ L-41 Fighter destroyed. 11703_ G-67 Veteran destroyed. 11704_ Backup Power III destroyed. Map ----- +----------------------------------------------------+ | ?????????????????????????????????????????????????? | | ?????????????????????????????????????????????????? | | ?????????????????????????????????????????????????? | | ????#######??????????????????????????????????????? | | ???##"""!!#??????????????????????????????????????? | | ???#" X !!#??????????????????????????????????????? | | ???#! ""#??????????????????????????????????????? | | ???#! X""#??????????????????????????????????????? | | ???#! """#??????????????????????????????????????? | | ???## ####??????????????????????????????????????? | | #####+##?????????????????????????????????????????? | | + #??## #???????????????????????????????????? | | + ^ ### #???????????????????????????????????? | | + #???????????????????????????????????? | | ### #???????????????????????????????????? | | #?# """" #???????????????????????????????????? | | ??# """""" #???????????????????????????????????? | | ??# %" "" " #???????????????????????????????????? | | ??# #?????#""???????????????????????????? | | #?# ###???#""#???##?????????????????????? | | ?## #???#""###? ####????????????????#?? | | #?# # #####"" # # #??###?????????? ##? | | ### # "" # # ???????? ## | | ##" % !% #=%!"" % "" = *"#???????? # | | ### !=*=*%*"" *%* #?####??# | | ] =! % %%%%%% @ [! ### ### | | [ % %!%**%!=[ % %%% b== #?? | | %= = =]%m%%%[ = % d!% ##?? | | ! %*%][! =!== ! % d## ##??? | | ###### != % !=%%"" ! ## #???? | | #???## !% # "" ??# #???? | | ##???# % # "" # # ## ??# ##???? | | #?#??#### #######""## # ####?#???## #????? | | #?????? " #?????#""#### ##?#???????## #???? | | #?? ? + #?????#""#??? ##??????????# ##???? | | #?? " #??????""????###?????????## ##????? | | #?? # ##?????"?????????????????# #?????? | | + # #????????????????????????# #?????? | | #? ?# #????????????????????????# ##?????? | | ##? ?# #????????????????????????# #??????? | | #??? ??# ##??????????????????????## ##????## | | #???? ???# #?????????????????????## ##??## | | #???? ???# ##?????????????????????# ##?# | | #????????# #??????????????????##### ## ^### | | #??????#?# #?????????????????## # #### ## | | #????????# #?????????????????# #?## ## | | #####???## #########?????????# ##?# ## | | ##### ## ??????????# ## #?## | | ## """??????????###### #??### | | " + !"??????????????# ##????##### | +----------------------------------------------------+ Best States ------------- Heat Dissipation 81 Energy Generation 31 Energy Capacity 570 Matter Stores 300 Matter Capacity 300 Sight Range 20 Robot Scan Range 15 Terrain Scan Range 16 Terrain Scan Density 110 Additional Mass Support 9 Armor Coverage 450 Evasion (%) 63 Targeting Accuracy 14 Target Analysis 5 Recoil Reduction 2 Item Schematics ----------------- None Robot Schematics ------------------ None Fabricated ------------ Nothing Alien Tech Used ----------------- None Achievements -------------- None Challenges ------------ None Game ------ Seed ThrowingDamperSabre Manual? 0 Play Time 01:31:34 Cumulative 185.1 hours Start 2024.03.02 @ 16:01:20 End 2024.03.03 @ 17:06:51 Sessions 7 Manual Loads 0 Difficulty Rogue Special Mode None Game No. 212 Rogue 38 Adventurer 174 Explorer 0 Win Type - Total 1 Types 1/0/0/0/0/0/0/0/0 Lore% 58 Gallery% 65 Achievement% 51 Wizard Run 0 Options --------- Layout 1 ASCII 0 Keyboard 1 Movement Numpad Keybinds 0 Fullscreen 1 Font 24/Smallcaps Map View 50x35 Zoom Use 0% Tactical HUD 1 Map Filters NONE Filters NONE Steam 1 RUN: df03fccd-91eb-4565-87fd-1416ce64b6f2